 Dungeon Crawl Stone Soup version 0.30.0-3-ga4e48a9924 (webtiles) character file.

Game seed: 231384432454601754

214 Daunt the Shooter (level 6, 0/51 HPs)
             Began as a Meteoran Hexslinger on May 7, 2023.
             Slain by a water moccasin zombie (2 damage)
             ... in an ossuary.
             The game lasted 00:11:29 (1535 turns).

Daunt the Shooter (Meteoran Hexslinger)             Turns: 1535, Time: 00:11:30

Health: 0/51       AC:  2    Str: 12    XL:     6   Next: 38%
Magic:  9/9        EV: 13    Int: 14    God:
Gold:   131        SH:  0    Dex: 17    Spells: 6/7 levels left

rFire   + . .        a - +1 sling
rCold   . . .        (no shield)
rNeg    . . .        c - +0 robe
rPois   .            (no helmet)
rElec   .            (no cloak)
rCorr   .            (no gloves)
SInv    .            (no boots)
Will    .....        (no amulet)
Stlth   +            i - ring of protection from fire
HPRegen 0.28/turn    l - ring of flight
MPRegen 0.11/turn

%: no passive effects
@: attractive, flying, glowing
A: sense surroundings 1, otherworldly, glowing, explore regen
a: no special abilities


You were in an ossuary.
You visited 1 branch of the dungeon, and saw 4 of its levels.
You also visited: Ossuary.

You collected 131 gold pieces.

Inventory:

Hand Weapons
 a - a +1 sling (weapon)
 d - a +1 dagger of speed
 m - a +0 whip
 v - a +1 dagger of flaming
Missiles
 g - 2 javelins
 j - 13 stones
 k - 4 curare-tipped darts
 p - 4 poisoned darts
 x - 4 atropa-tipped darts
Armour
 c - a +0 robe (worn)
Jewellery
 i - a ring of protection from fire (left hand)
 l - a ring of flight (right hand)
 y - a ring of magical power
Wands
 u - a wand of flame (25)
Scrolls
 b - a scroll of poison
 e - 2 scrolls of blinking
 f - a scroll of vulnerability {unknown}
 n - 4 scrolls of identify {unknown}
 o - a scroll of teleportation {unknown}
 t - a scroll of fog {unknown}
Potions
 r - a potion of heal wounds {unknown}
 s - a potion of mutation {unknown}
 w - a potion of brilliance {unknown}
 z - a potion of degeneration {unknown}


   Skills:
 + Level 3.5 Fighting
 * Level 5.4 Ranged Weapons
 - Level 2.4 Dodging
 - Level 1.3 Spellcasting
 - Level 3.6 Hexes


You had 6 spell levels left.
You knew the following spells:

 Your Spells              Type           Power      Damage    Failure   Level
a - Slow                  Hex            44%        N/A       6%          1

Your spell library contained the following spells:

 Spells                   Type           Power      Damage    Failure   Level
 Inner Flame              Hex/Fire       6%         N/A       36%         3
 Portal Projectile        Hex/Tloc       12%        N/A       36%         3
 Cause Fear               Hex            5%         N/A       50%         4


Dungeon Overview and Level Annotations

Branches:
Dungeon (4/15) Zot: 854   Ossuary (1/1) Zot: 560
 Temple: D:4-7

Altars:
Fedhas
Vehumet

Annotations:
D:2 Natasha
D:4 3 runed translucent doors, jimonade's ghost, amateur FeMo


Innate Abilities, Weirdness & Mutations

You passively map a small area around you.
You are easily found by Zot.
You glow in the dark.
You regain HP and MP as you explore.


Message History

You are too injured to fight recklessly!
Unknown command.
Unknown command.
Unknown command.
Fire: a) +1 sling
Press: ? - help, Q - select action, (/) - cycle Shift-Dir - straight line, f/p - water moccasin zombie
Aim: a water moccasin zombie (almost destroyed, 62% to hit)
You shoot a sling bullet.
The sling bullet hits the water moccasin zombie!
You destroy the water moccasin zombie!
Unknown command.
Unknown command.
Fire: a) +1 sling
Press: ? - help, Q - select action, (/) - cycle Shift-Dir - straight line, f - water moccasin zombie
Aim: a water moccasin zombie (62% to hit)
You shoot a sling bullet.
The sling bullet hits the water moccasin zombie.
The water moccasin zombie is lightly damaged.
The water moccasin zombie bites you.
* * * LOW HITPOINT WARNING * * *
The water moccasin zombie misses you.
Unknown command.
Fire: a) +1 sling
Press: ? - help, Q - select action, (/) - cycle Shift-Dir - straight line, f/p - water moccasin zombie
Aim: a water moccasin zombie (lightly damaged, 62% to hit)
You shoot a sling bullet.
The sling bullet hits the water moccasin zombie.
The water moccasin zombie is lightly damaged.
The water moccasin zombie bites you.
* * * LOW HITPOINT WARNING * * *
Unknown command.
It was a potion of attraction.
You feel attractive to monsters. The water moccasin zombie bites you.
* * * LOW HITPOINT WARNING * * *
It was a potion of flight.
You feel more buoyant.
The water moccasin zombie closely misses you.
The water moccasin zombie bites you.
You die...

** ###
#########
#!!??#...#..∩#
+!(!!#.∩.'...#
#!!!!#...#...#
### #####...#
* #..@# ###Z#
.Z# ...# #...#
#...# * ###+#
* *


You could see a water moccasin zombie and an orc zombie.

Vanquished Creatures
  A water moccasin zombie (Ossuary)
  A hound (D:4)
  A jelly (D:3)
  Robin (D:3)
  2 adders (D:3)
  A worm (D:3)
  3 dart slugs
  An orc (D:4)
  2 ball pythons
  5 endoplasms
  3 giant cockroaches
  A gnoll zombie (Ossuary)
  8 goblins
  7 hobgoblins
  5 quokkas
  8 bats
  7 frilled lizards
  2 hobgoblin zombies (Ossuary)
  2 kobolds
  An orc zombie (Ossuary)
  4 rats
  A rat zombie (D:4)
67 creatures vanquished.

Notes
Turn   | Place    | Note
-------+----------+-------------------------------------------
     0 | D:1      | Daunt the Meteoran Hexslinger began the quest for the Orb.
     0 | D:1      | Reached XP level 1. HP: 16/16 MP: 3/3
   110 | D:1      | Reached XP level 2. HP: 23/23 MP: 5/5
   243 | D:2      | Reached skill level 3 in Ranged Weapons
   270 | D:1      | Reached XP level 3. HP: 29/29 MP: 6/6
   764 | D:3      | Reached skill level 4 in Ranged Weapons
   764 | D:3      | Reached XP level 4. HP: 24/37 MP: 7/7
  1094 | D:2      | Noticed Natasha
  1178 | D:3      | Reached XP level 5. HP: 27/42 MP: 8/8
  1241 | D:3      | Noticed Robin
  1255 | D:3      | Killed Robin
  1342 | D:3      | Found a blossoming altar of Fedhas.
  1344 | D:3      | Found a radiant altar of Vehumet.
  1418 | D:4      | Identified the +6 dagger "Kieruire" {speed, *Corrode rF+
                  | Will+++ Int+6 Dex-5}
  1420 | D:4      | Found a runed translucent gate.
  1420 | D:4      | Noticed jimonade's ghost (amateur FeMo)
  1421 | D:4      | Found a runed translucent gate.
  1422 | D:4      | Found a runed translucent gate.
  1454 | D:4      | Found a sand-covered staircase.
  1473 | D:4      | Reached skill level 5 in Ranged Weapons
  1473 | D:4      | Reached XP level 6. HP: 29/51 MP: 9/9
  1500 | Ossuary  | Entered an ossuary
  1534 | Ossuary  | HP: 2/51 [water moccasin zombie (5)]
  1535 | Ossuary  | Slain by a water moccasin zombie

Illustrated notes

Levels and vault maps discovered:
D:1:      amcnicky_arrival_underground_garden, layout_loops_cross,
          kennysheep_pointless_box, minmay_surrounded
D:2:      minmay_diamond_boxcup, layout_basic, minmay_misc_feat_chi,
          uniq_natasha
D:3:      minmay_thinvault, layout_basic,
          chequers_temple_overflow_statue_of_worship, gammafunk_ghost_grave,
          minmay_snake_closets, uniq_ijyb, uniq_robin
D:4:      layout_gridville, portal_sewer_entry_b, biasface_ghost_orc_armoury,
          enter_ossuary_3, hangedman_abyss_or_decor_lesser_grid,
          minmay_crystal_water
Ossuary:  ossuary_tomb_2

Skill      XL: |  1  2  3  4  5 |
---------------+----------------+-----
Ranged Weapons | 3 4 5 |  5.4
Fighting       | 2 3 |  3.5
Dodging        | |  2.4
Spellcasting   | |  1.3
Hexes          | |  3.6

Action                     |  1- 3 |  4- 6 || total
---------------------------+-------+-------++-------
   Fire: Sling             |    91 |   166 ||   257
   Cast: Slow              |     5 |     2 ||     7
    Use: Scroll            |       |     1 ||     1
         Potion            |       |     2 ||     2
 Armour: Robe              |    14 |    25 ||    39
  Dodge: Dodged            |    31 |    54 ||    85
